 Dungeon Crawl Stone Soup version 0.29.0-4-gdea44cf6ec (webtiles) character file.

Game seed: 7630837673689454282

16 qw the Chopper (level 2, 0/17 HPs)
             Began as a Tengu Warper on Aug 28, 2022.
             Slain by a kobold
             ... wielding a +0 short sword
              (1 damage)
             ... on level 1 of the Dungeon.
             The game lasted 00:00:01 (393 turns).

qw the Chopper (Tengu Warper)                        Turns: 393, Time: 00:00:02

Health: 0/17       AC:  3    Str: 11    XL:     2   Next: 58%
Magic:  6/6        EV: 11    Int: 13    God:
Gold:   44         SH:  0    Dex: 13    Spells: 5/5 levels left

rFire   . . .      SeeInvis .   a - +0 hand axe
rCold   . . .      Faith    .   (no shield)
rNeg    . . .      Spirit   .   b - +0 leather armour
rPois   .          Reflect  .   (helmet restricted)
rElec   .          Harm     .   (no cloak)
rCorr   .          Rampage  .   (no gloves)
Will    .....                   (boots unavailable)
Stlth   +.........              (no amulet)
HPRegen 0.05/turn               (no ring)
MPRegen 0.10/turn               (no ring)

@: no status effects
A: beak, talons 3
a: no special abilities


You were on level 1 of the Dungeon.
You visited 1 branch of the dungeon, and saw 1 of its levels.

You collected 44 gold pieces.


Innate Abilities, Weirdness & Mutations

You have a beak for a mouth.
You have claws for feet.


   Skills:
 - Level 2.0 Fighting
 + Level 3.4 Axes
 - Level 1.0 Throwing
 - Level 1.1 Armour
 - Level 2.1 Dodging
 - Level 2.0 Spellcasting
 - Level 2.4 Translocations


You had 5 spell levels left.
You didn't know any spells.
Your spell library contained the following spells:

 Spells                   Type           Power      Damage    Failure   Level
 Blink                    Tloc           14%        N/A       19%         2
 Gell's Gravitas          Tloc           7%         N/A       36%         3
 Lesser Beckoning         Tloc           7%         N/A       36%         3
 Teleport Other           Tloc           7%         N/A       36%         3
 Manifold Assault         Tloc           7%         N/A       98%         5

Inventory:

Hand Weapons
 a - a +0 hand axe (weapon)
Armour
 b - a +0 leather armour (worn)
 g - a +0 ring mail
Scrolls
 c - a scroll of blinking
 d - a scroll of identify {unknown}
 e - a scroll of enchant armour {unknown}
Potions
 f - 2 potions of degeneration {unknown}

Dungeon Overview and Level Annotations

Branches:
Dungeon (1/15)

Altars:


Message History

The hobgoblin closely misses you.
The kobold throws a stone.
The stone hits you but does no damage.
You hit the hobgoblin.
You peck the hobgoblin, but do no damage.
The hobgoblin is almost dead.
The kobold throws a stone.
The stone misses you. The hobgoblin hits you.
You closely miss the hobgoblin.
You claw the hobgoblin, but do no damage.
Your peck misses the hobgoblin.
The hobgoblin is almost dead.
The hobgoblin barely misses you. x2; The kobold throws a stone.
The stone barely misses you.
You closely miss the hobgoblin. Your kick misses the hobgoblin.
Your peck misses the hobgoblin.
The hobgoblin is almost dead.
The hobgoblin closely misses you.
You barely miss the hobgoblin. Your kick misses the hobgoblin.
The hobgoblin is almost dead.
The kobold throws a stone.
The stone hits you but does no damage. The hobgoblin hits you.
You hit the hobgoblin.
You kill the hobgoblin!
The kobold throws a stone.
The stone hits you but does no damage.
The ball python bites you but does no damage.
The ball python grabs you. The ball python constricts you.
You closely miss the ball python. You peck the ball python.
The ball python is moderately wounded.
The ball python bites you. The ball python constricts you.
You hit the ball python.
You kill the ball python!
You closely miss the kobold.
The kobold hits you with a +0 short sword.
You barely miss the kobold. You claw the kobold.
The kobold is severely wounded.
You closely miss the frilled lizard. The frilled lizard closely misses you.
The kobold hits you with a +0 short sword.
The frilled lizard bites you.
The kobold hits you with a +0 short sword.
You die...

##.# #.. . ...# ...#
#.##......# ..######
#.#.#.#.#.# .......#
.......... .......#
##.#.#.#.# .......#
#........ .......#
#####.#.#.#.#.#
.......#
#.....%.lr.....
#..#######...#.#@#.#.#.
##.# #........K......
##.#
####....#.#.#!#.#>#
##.###...............
...##.....####.#.#.#.#
#..##.....## .#.....#.#
#..........# .
...+.#... .....>..##.#
... ## .....#.#.#.#


You could see a kobold, a frilled lizard and a rat.

Vanquished Creatures
  A dart slug (D:1)
  A ball python (D:1)
  3 endoplasms (D:1)
  2 goblins (D:1)
  A hobgoblin (D:1)
  A quokka (D:1)
  2 bats (D:1)
  A kobold (D:1)
  A rat (D:1)
13 creatures vanquished.

Notes
Turn   | Place    | Note
-------+----------+-------------------------------------------
     0 | D:1      | qw the Tengu Warper began the quest for the Orb.
     0 | D:1      | Reached XP level 1. HP: 12/12 MP: 4/4
     0 | D:1      | 0 ||| qw: Version: 0.1-a-89-g26bdef1
     0 | D:1      | 0 ||| qw: Game counter: 1670
     0 | D:1      | 0 ||| qw: Always use a shield: true
     0 | D:1      | 0 ||| qw: God list: Okawaru
     0 | D:1      | 0 ||| qw: Allow faded altars: false
     0 | D:1      | 0 ||| qw: Do Orc after D:15 true
     0 | D:1      | 0 ||| qw: Do second Lair branch before Depths: true
     0 | D:1      | 0 ||| qw: Lair rune preference: random
     0 | D:1      | 0 ||| qw: Plans: Normal
     0 | D:1      | 0 ||| PLANNING D:1-11
    32 | D:1      | 32 ||| Stepping ~*~*~tactically~*~*~ (hiding).
    33 | D:1      | 33 ||| Stepping ~*~*~tactically~*~*~ (hiding).
   211 | D:1      | Reached XP level 2. HP: 16/17 MP: 6/6
   233 | D:1      | Reached skill level 3 in Axes
   393 | D:1      | HP: 4/17 [kobold/+0 short sword (4)]
   393 | D:1      | HP: 1/17 [frilled lizard (3)]
   393 | D:1      | Slain by a kobold

Levels and vault maps discovered:
D:1:      moated_graveyard_arrival, layout_basic, st_stairs_10,
          minmay_tetromino_t4

Skill      XL: |  1  2 |
---------------+-------+-----
Axes           | 3 |  3.4
Fighting       | |  2.0
Throwing       | |  1.0
Armour         | |  1.1
Dodging        | |  2.1
Spellcasting   | |  2.0
Translocations | |  2.4

Action                   || total
-------------------------++-------
Melee: Hand axe          ||    32
       Kick              ||     8
       Peck              ||     3
Throw: Boomerang         ||     7
Armor: Leather armour    ||     8
Dodge: Dodged            ||    20

Table legend:
 A = Non-vault XP
 B = Vault XP
 C = Vault XP percentage of total XP
 D = Non-vault monster count
 E = Vault monster count
 F = Vault count percentage of total count
                 A         B        C        D         E       F
            +---------+---------+-------+---------+---------+-------
      Total |      18 |       6 |  25.0 |      10 |       3 |  23.1
            +---------+---------+-------+---------+---------+-------
        D:1 |      18 |       6 |  25.0 |      10 |       3 |  23.1
            +---------+---------+-------+---------+---------+-------
